 Dungeon Crawl Stone Soup version 0.23.2-1-ga50397a6bc (webtiles) character file.

Game seed: 6042620982807396218

70 Marnok the Skirmisher (level 4, 0/37 HPs)
             Began as a Demonspawn Abyssal Knight on Apr 21, 2019.
             Was a Believer of Lugonu.
             Slain by a centaur (4 damage)
             ... on level 2 of the Dungeon.
             The game lasted 00:04:01 (1841 turns).

Marnok the Skirmisher (Demonspawn Abyssal Knight)   Turns: 1841, Time: 00:04:01

Health: 0/37       AC: 11    Str: 13    XL:     4   Next: 4%
Magic:  15/15      EV:  5    Int: 13    God:    Lugonu [**....]
Gold:   93         SH:  0    Dex: 13    Spells: 3/3 levels left

rFire    . . .     SeeInvis .   a - +1 spear
rCold    . . .     Gourm    .   (no shield)
rNeg     . . .     Faith    .   d - +0 plate armour
rPois    .         Spirit   .   (helmet restricted)
rElec    .         Reflect  .   (no cloak)
rCorr    .         Harm     .   (no gloves)
MR       .....                  (no boots)
Stlth    ..........             (no amulet)
HPRegen  0.12/turn              g - ring of magical power
MPRegen  0.14/turn              (no ring)

@: no status effects
A: horns 1, sturdy frame 1
a: Depart the Abyss, Bend Space, Renounce Religion


You were on level 2 of the Dungeon.
You worshipped Lugonu.
Lugonu was pleased with you.
You were not hungry.

You visited 1 branch of the dungeon, and saw 2 of its levels.
You visited the Abyss 1 time.

You collected 93 gold pieces.

Inventory:

Hand Weapons
 a - a +1 spear (weapon)
Armour
 b - a +0 leather armour
 d - a +0 plate armour (worn)
Jewellery
 g - a ring of magical power (left hand)
 k - an uncursed ring of wizardry {unknown}
 m - an uncursed amulet of the acrobat {unknown}
Scrolls
 e - 6 scrolls of remove curse {unknown}
 f - 2 scrolls of identify {unknown}
 h - a scroll of magic mapping {unknown}
 i - a scroll of enchant armour {unknown}
 j - a scroll of fog {unknown}
 l - a scroll of teleportation {unknown}
Comestibles
 c - 2 rations


   Skills:
 + Level 3.6 Fighting
 + Level 2.4 Polearms
 + Level 2.3 Armour
 + Level 1.3 Dodging
 + Level 0.4 Stealth
 + Level 2.7 Invocations


You had 3 spell levels left.
You didn't know any spells.
Your spell library was empty.

Dungeon Overview and Level Annotations

Branches:
Dungeon (2/15)

Altars:


Innate Abilities, Weirdness & Mutations

You have a pair of small horns on your head.
Your movements are slightly less encumbered by armour. (ER -2)


Message History

The centaur is moderately wounded.
The centaur hits you. The centaur hits you!
* * * LOW HITPOINT WARNING * * *
You barely miss the centaur.
The centaur is moderately wounded.
The centaur hits you.
* * * LOW HITPOINT WARNING * * *
You aren't carrying any potions.
Unknown command.
You aren't carrying any potions.
Space bends around you!
You blink.
The centaur wields a +0 shortbow.
The centaur shoots an arrow.
The arrow hits you but does no damage.
The centaur shoots an arrow.
The arrow barely misses you.
You see here an arrow.
You start resting.
The centaur is too close now for your liking.
You hit the centaur but do no damage.
The centaur is moderately wounded.
The centaur unwields a +0 shortbow.
The centaur hits you.
You die...

.#.###......#...##
.#.###.###.......########.#
.#.....# #......(.((..c...#
.#####.###.....(.##########
.# #......#...## .#
###.#..##.## .# #)#..##.#
.# #.#..##.###########
.#######.#.....c@........#
...........###.#########.#
########.#####.# #.#
..>.........##.# #.#
########.##.##.#
######.######## #.##.##.#
#.....#........
#.##.##.####.####.########
#.##.##......####.#
#.##.##########...#


You could see a centaur.

Vanquished Creatures
  2 oozes
  A worm (D:2)
  2 dart slugs
  3 leopard geckos (D:1)
  7 bats
  3 giant cockroaches
  4 goblins
  7 hobgoblins
  6 jackals (D:1)
  A quokka (D:2)
  A frilled lizard (D:2)
  3 kobolds (D:2)
  8 rats
48 creatures vanquished.

Notes
Turn   | Place    | Note
-------+----------+-------------------------------------------
     0 | Abyss:1  | Marnok the Demonspawn Abyssal Knight began the quest for
                  | the Orb.
     0 | Abyss:1  | Reached XP level 1. HP: 18/18 MP: 2/2
    22 | Abyss:1  | Noticed a spatial maelstrom
    24 | Abyss:1  | Noticed a spatial vortex
    25 | Abyss:1  | Noticed a spatial vortex
    25 | Abyss:1  | Noticed a spatial vortex
    26 | Abyss:1  | Noticed a spatial vortex
    32 | D:1      | Escaped the Abyss
    55 | D:1      | Reached * piety under Lugonu
   309 | D:1      | Gained mutation: Your movements are slightly less
                  | encumbered by armour. (ER -2) [demonic ancestry]
   309 | D:1      | Reached XP level 2. HP: 24/24 MP: 4/4
   682 | D:1      | Reached skill level 1 in Dodging
   682 | D:1      | Reached XP level 3. HP: 21/29 MP: 5/5
  1017 | D:1      | Reached ** piety under Lugonu
  1702 | D:2      | Gained mutation: You have a pair of small horns on your
                  | head. [demonic ancestry]
  1702 | D:2      | Reached XP level 4. HP: 25/37 MP: 6/6
  1819 | D:2      | Noticed a centaur
  1841 | D:2      | Slain by a centaur

Skill      XL: |  1  2 |
---------------+-------+-----
Armour         | 2 |  2.3
Polearms       | 2 |  2.4
Dodging        | 1 |  1.3
Fighting       | |  3.6
Stealth        | |  0.4
Invocations    | |  2.7

Action                   |  1- 3 |  4- 6 || total
-------------------------+-------+-------++-------
Melee: Spear             |   186 |     8 ||   194
Invok: Depart the Abyss  |     1 |       ||     1
       Bend Space        |       |     1 ||     1
 Stab: Sleeping          |     2 |       ||     2
  Eat: Chunk             |     2 |     1 ||     3
Armor: Leather armour    |    14 |       ||    14
       Plate armour      |   149 |     9 ||   158
Dodge: Dodged            |    97 |     1 ||    98
